 Dungeon Crawl Stone Soup version 0.28.0 (webtiles) character file.

Game seed: 6383763252631853199

32 mopl the Purveyor of Pain (level 3, -18/16 HPs)
             Began as a Vine Stalker Necromancer on Feb 14, 2022.
             Was an Initiate of Kikubaaqudgha.
             Killed by a bolt of acid (31 damage)
             ... invoked by the enmity of Fedhas Madash
             ... on level 1 of the Dungeon.
             The game lasted 00:02:22 (1506 turns).

mopl the Purveyor of Pain (VSNe)                    Turns: 1506, Time: 00:02:23

Health: -18/16     AC:  3    Str: 12    XL:     3   Next: 25%
Magic:  0/7        EV: 12    Int: 15    God:    Kikubaaqudgha [......]
Gold:   69         SH:  0    Dex: 14    Spells: 6/7 levels left

rFire   . . .      SeeInvis .   a - +0 dagger
rCold   . . .      Faith    .   (no shield)
rNeg    . . .      Spirit   +   e - +0 robe
rPois   .          Reflect  .   (no helmet)
rElec   .          Harm     .   (no cloak)
rCorr   .          Rampage  .   (no gloves)
Will    .....                   f - +0 pair of boots
Stlth   ++........              (no amulet)
HPRegen 0.05/turn               (no ring)
MPRegen 0.10/turn               (no ring)

@: no status effects
A: fangs 2, magic shield, antimagic bite, no potion heal 2
a: Renounce Religion


You were on level 1 of the Dungeon.
You worshipped Kikubaaqudgha.
Kikubaaqudgha was noncommittal.
You visited 1 branch of the dungeon, and saw 2 of its levels.

You collected 69 gold pieces.

Inventory:

Hand Weapons
 a - a +0 dagger (weapon)
Missiles
 d - 92 stones
Armour
 e - a +0 robe (worn)
 f - a +0 pair of boots (worn)
Scrolls
 c - a scroll of teleportation {unknown}
 g - 2 scrolls of identify {unknown}
Potions
 b - a potion of attraction {unknown}
 h - a potion of flight {unknown}
 i - a potion of curing {unknown}


   Skills:
 + Level 1.0 Short Blades
 - Level 1.5 Dodging
 + Level 3.1 Stealth
 + Level 2.5 Spellcasting
 + Level 4.2 Necromancy
 + Level 0.3 Invocations


You had 6 spell levels left.
You knew the following spells:

 Your Spells              Type           Power      Damage    Failure   Level
a - Pain                  Necr           56%        1d6       3%          1

Your spell library contained the following spells:

 Spells                   Type           Power      Damage    Failure   Level
 Animate Skeleton         Necr           28%        N/A       3%          1
 Vampiric Draining        Necr           14%        2d7       11%         3
 Animate Dead             Necr           7%         N/A       36%         4
 Agony                    Necr           14%        N/A       71%         5


Dungeon Overview and Level Annotations

Branches:
Dungeon (2/15)

Altars:
Fedhas
Kikubaaqudgha

Annotations:
D:2 Robin, Sigmund


Innate Abilities, Weirdness & Mutations

You have extremely sharp teeth.
When hurt, damage is shared between your health and your magic reserves.
Your bite disrupts and absorbs the magic of your enemies.
Potions cannot restore your health.


Message History

The frilled lizard closely misses you.
You closely miss the frilled lizard. You bite the frilled lizard.
You kill the frilled lizard!
Kikubaaqudgha accepts your kill. The goblin hits you with a +0 dagger.
Robin roars a battlecry!
The goblin goes into a battle-frenzy!
Your Short Blades skill increases to level 1!
The goblin closely misses you.
The goblin no longer looks unusually strong.
The goblin hits you with a +0 club.
Robin roars a battlecry!
The goblin goes into a battle-frenzy!
The goblin no longer looks unusually strong.
There is a stone staircase leading up here.
The goblin misses you.
You climb upwards.
There is a stone staircase leading down here.
Casting: Pain (safe; 3% risk of failure)
Confirm with . or Enter, or press ? or * to list all spells.
Aiming: Pain (safe; 3% risk of failure)
Press: ? - help, Shift-Dir - straight line, f - goblin
Aim: a goblin, wielding a +0 club (strong, chance to affect: 84%)
The goblin writhes in agony.
You kill the goblin!
Kikubaaqudgha accepts your kill.
Unknown command.
Casting: Pain (safe; 3% risk of failure)
Confirm with . or Enter, or press ? or * to list all spells.
You can't see any susceptible monsters within range! (Use Z to cast anyway.) Unknown command.
You start resting.
Magic restored.
Unknown command.
You start resting.
Fedhas invokes nature against you. The bolt of acid hits you!!!
Ouch! That really hurt!
You die...
Kikubaaqudgha rasps: "You have failed me!
Welcome... death!"

...#.##.PP.♣#######
####.#..≈≈._#.....#
.###P.#.≈P[♣#####.#
...##P#P...######.#######
.##.####..P#............########
.......##P##...................#
###.###.###.##....###.#.###.##.#
###.# #.#.........###.#.# #.##.#
.##.###...#.....@...#.#.# #.##.#
#.#......##....)........# #.#..#
##....##.##.........###.# #.#.##
#..#.###.##..#...#### #.#
#.#.### .#.#.###.##.)#...# #.#
#....).
...#....>##..#...######.#
###.##.
#######.†##.............###
#.##.
...#....###..##.#######...#
#.##. ...#.).......##.## ###.#
#.##.


You could see the enmity of Fedhas Madash (unaware).

Vanquished Creatures
  An adder (D:2)
  A giant cockroach (D:1)
  4 goblins (D:1)
  4 hobgoblins
  A quokka (D:1)
  2 ball pythons
  A bat (D:2)
  3 frilled lizards
  2 kobolds (D:1)
  4 rats
23 creatures vanquished.

Notes
Turn   | Place    | Note
-------+----------+-------------------------------------------
     0 | D:1      | mopl the Vine Stalker Necromancer began the quest for the
                  | Orb.
     0 | D:1      | Reached XP level 1. HP: 9/9 MP: 4/4
   287 | D:1      | You fall into a shaft and drop 1 floor!
   342 | D:1      | Reached XP level 2. HP: 13/13 MP: 6/6
   582 | D:1      | Found a faded altar of an unknown god.
   589 | D:1      | Prayed at the altar of an unknown god.
   589 | D:1      | Became a worshipper of Fedhas Madash
   589 | D:1      | Reached * piety under Fedhas
   869 | D:2      | Found an ancient bone altar of Kikubaaqudgha.
   877 | D:2      | Fell from the grace of Fedhas
   877 | D:2      | Became a worshipper of Kikubaaqudgha
   878 | D:2      | Noticed Sigmund
   894 | D:1      | Reached skill level 3 in Stealth
   959 | D:2      | Reached XP level 3. HP: 7/16 MP: 1/7
  1418 | D:2      | Noticed Robin
  1452 | D:2      | Reached skill level 1 in Short Blades
  1506 | D:1      | Killed by a bolt of acid

Illustrated notes

Levels and vault maps discovered:
D:1:      amcnicky_arrival_gap_in_the_tavern_cellar, layout_loops_ring,
          dreamdust_ecumenical_altar_hidden_monk_grotto
D:2:      layout_loops_ring, basic_altar, grunt_ministairs_9, uniq_robin,
          uniq_sigmund

Skill      XL: |  1  2  3 |
---------------+----------+-----
Stealth        | 3 |  3.1
Short Blades   | 1 |  1.0
Dodging        | |  1.5
Spellcasting   | |  2.5
Necromancy     | |  4.2
Invocations    | |  0.3

Action                   || total
-------------------------++-------
Melee: Dagger            ||    48
       Bite              ||    12
 Cast: Pain              ||    13
 Stab: Sleeping          ||     5
Armor: Robe              ||     8
Dodge: Dodged            ||    34
